[ PARTIDA AOE2 · #463187209 ]
Team RMAztecas vs Huns
Equipo del jugador · DERR
[ ANÁLISIS DE REPETICIÓN · EXTRAÍDO DE LA PARTIDA GRABADA ]
Feudal
21:14
Castillos
25:54
Imperial
—
| APM promedio | 19.7 |
| APM pico | 47 |
| eAPM promedio | 8.7 |
| Aldeanos / militares | 51 / 1 |
Foco
⚔️ 8.4% · 🌾 91.6%
Monk ×1
Feudal
16:33
Castillos
—
Imperial
—
| APM promedio | 9.6 |
| APM pico | 24 |
| eAPM promedio | 6.5 |
| Aldeanos / militares | 42 / 19 |
Foco
⚔️ 16.1% · 🌾 83.9%
Skirmisher ×15 · Archer ×4
Feudal
15:50
Castillos
21:55
Imperial
—
| APM promedio | 16.9 |
| APM pico | 57 |
| eAPM promedio | 5.8 |
| Aldeanos / militares | 43 / 18 |
Foco
⚔️ 23.3% · 🌾 76.7%
Knight ×18 · Fishing Ship ×5
Feudal
18:11
Castillos
24:01
Imperial
—
| APM promedio | 26.7 |
| APM pico | 52 |
| eAPM promedio | 13.4 |
| Aldeanos / militares | 51 / 20 |
Foco
⚔️ 11.2% · 🌾 88.8%
Camel Scout ×11 · Galley ×9 · Fishing Ship ×5
Feudal
14:48
Castillos
—
Imperial
—
| APM promedio | 23.4 |
| APM pico | 65 |
| eAPM promedio | 11.8 |
| Aldeanos / militares | 67 / 48 |
Foco
⚔️ 24.9% · 🌾 75.1%
Archer ×48
Feudal
13:12
Castillos
27:29
Imperial
—
| APM promedio | 51.7 |
| APM pico | 108 |
| eAPM promedio | 28.0 |
| Aldeanos / militares | 100 / 79 |
Foco
⚔️ 29.4% · 🌾 70.6%
Archer ×79
Mapa de la partida
Recursos iniciales + cada clic de construcción. Líneas = muros · curvas = relieve. ◆ oro · ⬟ piedra · ● bayas · ✦ reliquia · ◌ hueco del cierre
Tu base· Abierta — flanco sin cerrar
Base de santiferno101· Abierta — hueco de 11t
Base de anamagg08· Abierta — hueco de 15t
Base de Grimuka· Abierta — flanco sin cerrar
Base de Frederick II King of Jerusalem· Abierta — hueco de 5t
Base de Jikars· Abierta — hueco de 10t
Terreno inicial suavizado · ◌ = hueco del cierre detectado · pasá el cursor para detalles
Inputs por minuto
— Yorckscher - - santiferno101
Build order — Yorckscher
85 acciones detectadas en el replay
| 3:01 | Construir | House |
| 3:42 | Construir | Town Center |
| 3:53 | Construir | House |
| 5:40 | Crear | Villager (Male) |
| 5:40 | Crear | Villager (Male) |
| 5:41 | Crear | Villager (Male) |
| 5:41 | Crear | Villager (Male) |
| 5:41 | Crear | Villager (Male) |
| 6:51 | Crear | Villager (Male) |
| 6:51 | Crear | Villager (Male) |
| 7:38 | Crear | Villager (Male) |
| 7:38 | Crear | Villager (Male) |
| 7:38 | Crear | Villager (Male) |
| 8:30 | Crear | Villager (Male) |
| 8:39 | Crear | Villager (Male) |
| 9:23 | Construir | House |
| 9:40 | Investigar | Loom |
| 10:04 | Crear | Villager (Male) |
| 10:04 | Crear | Villager (Male) |
| 10:06 | Crear | Villager (Male) |
| 10:07 | Crear | Villager (Male) |
| 10:07 | Crear | Villager (Male) |
| 10:07 | Crear | Villager (Male) |
| 10:23 | Construir | House |
| 10:55 | Crear | Villager (Male) |
| 10:55 | Crear | Villager (Male) |
| 11:18 | Construir | House |
| 11:19 | Construir | House |
| 11:22 | Crear | Villager (Male) |
| 11:23 | Crear | Villager (Male) |
| 12:01 | Crear | Villager (Male) |
| 12:01 | Crear | Villager (Male) |
| 12:01 | Crear | Villager (Male) |
| 12:17 | Crear | Villager (Male) |
| 12:50 | Crear | Villager (Male) |
| 12:50 | Crear | Villager (Male) |
| 13:16 | Crear | Villager (Male) |
| 13:16 | Crear | Villager (Male) |
| 14:00 | Crear | Villager (Male) |
| 14:01 | Crear | Villager (Male) |
| 14:32 | Construir | Mill |
| 15:36 | Crear | Villager (Male) |
| 16:19 | Construir | Farm |
| 16:20 | Construir | Farm |
| 16:30 | Construir | Farm |
| 16:49 | Crear | Villager (Male) |
| 16:49 | Crear | Villager (Male) |
| 17:40 | Crear | Villager (Male) |
| 18:12 | Crear | Villager (Male) |
| 18:14 | Crear | Villager (Male) |
| 18:26 | Construir | Lumber Camp |
| 19:04 | Investigar | Feudal Age |
| 20:52 | Construir | Barracks |
| 20:56 | Construir | Barracks |
| 21:14 | Edad | Edad Feudal |
| 21:26 | Crear | Villager (Male) |
| 21:26 | Crear | Villager (Male) |
| 21:34 | Construir | Blacksmith |
| 21:38 | Construir | Market |
| 22:37 | Construir | Mill |
| 22:41 | Crear | Villager (Male) |
| 23:14 | Investigar | Castle Age |
| 23:14 | Investigar | Castle Age |
| 23:35 | Construir | Barracks |
| 23:37 | Construir | Barracks |
| 23:58 | Construir | Lumber Camp |
| 24:26 | Construir | Mill |
| 24:53 | Construir | Mill |
| 25:49 | Investigar | Horse Collar |
| 25:54 | Edad | Edad de los Castillos |
| 25:58 | Crear | Villager (Male) |
| 25:58 | Crear | Villager (Male) |
| 25:58 | Crear | Villager (Male) |
| 26:18 | Construir | Farm |
| 26:51 | Crear | Villager (Male) |
| 26:53 | Construir | Farm |
| 26:55 | Crear | Villager (Male) |
| 27:06 | Construir | Monastery |
| 27:09 | Crear | Villager (Male) |
| 27:40 | Crear | Villager (Male) |
| 27:45 | Crear | Monk |
| 28:08 | Crear | Villager (Male) |
| 29:02 | Crear | Villager (Male) |
| 29:07 | Investigar | Wheelbarrow |
| 29:30 | Crear | Villager (Male) |
Build order — santiferno101
105 acciones detectadas en el replay
| 0:11 | Construir | Town Center |
| 1:57 | Crear | Villager (Male) |
| 1:57 | Crear | Villager (Male) |
| 1:58 | Crear | Villager (Male) |
| 1:58 | Crear | Villager (Male) |
| 2:43 | Construir | Lumber Camp |
| 2:58 | Construir | House |
| 3:00 | Construir | House |
| 3:12 | Crear | Villager (Male) |
| 3:12 | Crear | Villager (Male) |
| 4:11 | Crear | Villager (Male) |
| 4:58 | Crear | Villager (Male) |
| 4:58 | Crear | Villager (Male) |
| 5:25 | Crear | Villager (Male) |
| 5:25 | Crear | Villager (Male) |
| 6:11 | Crear | Villager (Male) |
| 6:45 | Construir | Mill |
| 6:58 | Crear | Villager (Male) |
| 6:58 | Crear | Villager (Male) |
| 7:28 | Construir | House |
| 7:30 | Construir | House |
| 7:57 | Crear | Villager (Male) |
| 7:58 | Crear | Villager (Male) |
| 8:13 | Construir | Barracks |
| 8:19 | Crear | Villager (Male) |
| 8:20 | Crear | Villager (Male) |
| 8:26 | Crear | Villager (Male) |
| 8:27 | Crear | Villager (Male) |
| 9:07 | Construir | Farm |
| 9:17 | Construir | Farm |
| 9:19 | Crear | Villager (Male) |
| 9:20 | Crear | Villager (Male) |
| 9:28 | Crear | Villager (Male) |
| 9:28 | Crear | Villager (Male) |
| 9:47 | Construir | Farm |
| 10:00 | Crear | Villager (Male) |
| 10:17 | Construir | Farm |
| 10:24 | Crear | Villager (Male) |
| 10:25 | Crear | Villager (Male) |
| 10:38 | Construir | Farm |
| 11:00 | Construir | Farm |
| 11:07 | Construir | House |
| 11:19 | Construir | Farm |
| 11:36 | Construir | Farm |
| 11:39 | Crear | Villager (Male) |
| 11:39 | Crear | Villager (Male) |
| 12:08 | Construir | Farm |
| 12:33 | Construir | Farm |
| 12:38 | Construir | Farm |
| 12:42 | Crear | Villager (Male) |
| 12:42 | Crear | Villager (Male) |
| 13:10 | Construir | Farm |
| 14:05 | Construir | Farm |
| 14:23 | Investigar | Feudal Age |
| 15:33 | Construir | Lumber Camp |
| 15:58 | Construir | House |
| 15:59 | Construir | House |
| 16:00 | Construir | House |
| 16:01 | Construir | House |
| 16:33 | Edad | Edad Feudal |
| 16:40 | Construir | Archery Range |
| 16:54 | Construir | House |
| 16:56 | Construir | House |
| 16:59 | Construir | House |
| 17:15 | Crear | Skirmisher |
| 17:16 | Crear | Skirmisher |
| 17:16 | Crear | Skirmisher |
| 17:17 | Crear | Skirmisher |
| 17:42 | Construir | House |
| 18:10 | Crear | Archer |
| 18:11 | Crear | Archer |
| 18:11 | Crear | Archer |
| 18:13 | Crear | Archer |
| 18:28 | Crear | Villager (Male) |
| 18:28 | Crear | Villager (Male) |
| 18:28 | Crear | Villager (Male) |
| 18:29 | Crear | Villager (Male) |
| 18:45 | Crear | Skirmisher |
| 18:45 | Crear | Skirmisher |
| 19:22 | Construir | Farm |
| 20:08 | Construir | Farm |
| 20:10 | Construir | Farm |
| 20:29 | Construir | Farm |
| 20:39 | Construir | Farm |
| 21:12 | Investigar | Double-Bit Axe |
| 21:30 | Crear | Skirmisher |
| 21:38 | Crear | Villager (Male) |
| 21:38 | Crear | Villager (Male) |
| 21:39 | Crear | Villager (Male) |
| 23:30 | Construir | Lumber Camp |
| 23:36 | Crear | Villager (Male) |
| 23:36 | Crear | Villager (Male) |
| 23:36 | Crear | Villager (Male) |
| 23:36 | Crear | Villager (Male) |
| 24:15 | Crear | Skirmisher |
| 24:15 | Crear | Skirmisher |
| 24:15 | Crear | Skirmisher |
| 24:16 | Crear | Skirmisher |
| 24:49 | Crear | Skirmisher |
| 24:50 | Crear | Skirmisher |
| 25:20 | Construir | Lumber Camp |
| 25:36 | Crear | Skirmisher |
| 25:36 | Crear | Skirmisher |
| 25:54 | Construir | Blacksmith |
| 26:01 | Construir | Market |
Build order — anamagg08
72 acciones detectadas en el replay
| 1:15 | Construir | Town Center |
| 3:02 | Crear | Villager (Male) ×4 |
| 3:03 | Crear | Villager (Male) ×4 |
| 4:33 | Crear | Villager (Male) ×2 |
| 4:33 | Crear | Villager (Male) ×2 |
| 5:37 | Crear | Villager (Male) ×2 |
| 5:37 | Crear | Villager (Male) ×2 |
| 6:47 | Crear | Villager (Male) ×3 |
| 6:47 | Crear | Villager (Male) ×3 |
| 7:38 | Construir | Lumber Camp |
| 8:07 | Crear | Villager (Male) |
| 8:07 | Crear | Villager (Male) |
| 9:35 | Crear | Villager (Male) |
| 9:36 | Crear | Villager (Male) |
| 10:13 | Investigar | Loom |
| 12:47 | Construir | Dock |
| 13:40 | Investigar | Feudal Age |
| 13:42 | Crear | Fishing Ship |
| 13:43 | Crear | Fishing Ship |
| 14:33 | Construir | Barracks |
| 15:07 | Crear | Fishing Ship |
| 15:07 | Crear | Fishing Ship |
| 15:11 | Crear | Fishing Ship |
| 15:41 | Construir | Mill |
| 15:50 | Edad | Edad Feudal |
| 15:56 | Investigar | Wheelbarrow |
| 16:06 | Construir | Mining Camp |
| 16:30 | Construir | Stable |
| 17:12 | Construir | Farm |
| 17:19 | Construir | Farm |
| 17:28 | Construir | Farm |
| 17:35 | Construir | Blacksmith |
| 18:20 | Investigar | Tech 906 |
| 19:05 | Construir | Mill |
| 19:15 | Investigar | Castle Age |
| 19:25 | Investigar | Double-Bit Axe |
| 20:27 | Construir | Mining Camp |
| 20:34 | Crear | Villager (Male) |
| 20:35 | Crear | Villager (Male) |
| 20:35 | Crear | Villager (Male) |
| 21:04 | Investigar | Forging |
| 21:24 | Investigar | Bloodlines |
| 21:55 | Edad | Edad de los Castillos |
| 21:57 | Crear | Knight |
| 21:57 | Crear | Knight |
| 21:57 | Crear | Knight |
| 22:24 | Construir | Stable |
| 22:35 | Crear | Villager (Male) |
| 23:47 | Crear | Knight |
| 23:47 | Crear | Knight |
| 23:53 | Investigar | Husbandry |
| 23:53 | Investigar | Husbandry |
| 24:13 | Crear | Knight |
| 24:14 | Crear | Knight |
| 24:14 | Crear | Knight |
| 24:31 | Crear | Villager (Male) |
| 24:32 | Crear | Villager (Male) |
| 24:32 | Crear | Villager (Male) |
| 24:36 | Crear | Villager (Male) |
| 24:53 | Construir | Town Center |
| 25:41 | Crear | Knight |
| 26:40 | Crear | Knight |
| 26:56 | Crear | Villager (Male) ×5 |
| 27:35 | Crear | Knight |
| 27:35 | Crear | Knight |
| 27:53 | Investigar | Scale Barding Armor |
| 27:53 | Investigar | Scale Barding Armor |
| 28:48 | Investigar | Gold Mining |
| 28:51 | Crear | Villager (Male) ×4 |
| 29:24 | Construir | Fish Trap |
| 29:42 | Crear | Knight ×3 |
| 29:42 | Crear | Knight ×3 |
Build order — Grimuka
141 acciones detectadas en el replay
| 1:32 | Construir | Town Center |
| 1:51 | Construir | House |
| 1:52 | Construir | House |
| 3:21 | Crear | Villager (Male) |
| 3:22 | Crear | Villager (Male) |
| 3:22 | Crear | Villager (Male) |
| 3:22 | Crear | Villager (Male) |
| 3:22 | Crear | Villager (Male) |
| 4:54 | Crear | Villager (Male) |
| 4:54 | Crear | Villager (Male) |
| 4:54 | Crear | Villager (Male) |
| 5:09 | Construir | Dock |
| 5:39 | Investigar | Loom |
| 6:06 | Crear | Villager (Male) |
| 6:06 | Crear | Villager (Male) |
| 6:06 | Crear | Villager (Male) |
| 7:03 | Crear | Villager (Male) |
| 7:04 | Crear | Villager (Male) |
| 7:35 | Construir | House |
| 7:40 | Crear | Villager (Male) |
| 7:40 | Crear | Villager (Male) |
| 8:18 | Construir | Lumber Camp |
| 8:29 | Crear | Villager (Male) |
| 8:30 | Crear | Villager (Male) |
| 8:30 | Crear | Villager (Male) |
| 8:58 | Crear | Villager (Male) |
| 8:58 | Crear | Villager (Male) |
| 8:58 | Crear | Villager (Male) |
| 9:09 | Crear | Fishing Ship |
| 9:49 | Construir | House |
| 10:02 | Crear | Villager (Male) |
| 10:17 | Construir | Mining Camp |
| 10:23 | Crear | Villager (Male) |
| 10:29 | Crear | Fishing Ship |
| 11:07 | Crear | Villager (Male) |
| 11:07 | Crear | Villager (Male) |
| 11:28 | Construir | Mill |
| 11:31 | Crear | Villager (Male) |
| 11:54 | Construir | House |
| 12:05 | Construir | Farm |
| 12:17 | Construir | Farm |
| 12:21 | Crear | Fishing Ship |
| 12:22 | Crear | Fishing Ship |
| 12:28 | Construir | Farm |
| 12:41 | Construir | Farm |
| 12:46 | Construir | Farm |
| 12:51 | Crear | Villager (Male) |
| 13:04 | Construir | Farm |
| 13:13 | Construir | House |
| 13:28 | Construir | Farm |
| 13:36 | Construir | Farm |
| 13:41 | Crear | Villager (Male) |
| 13:42 | Crear | Villager (Male) |
| 14:03 | Construir | Farm |
| 14:21 | Construir | Farm |
| 14:34 | Crear | Villager (Male) |
| 14:40 | Construir | Farm |
| 14:49 | Crear | Fishing Ship |
| 15:03 | Construir | Farm |
| 15:12 | Crear | Villager (Male) |
| 15:49 | Construir | Barracks |
| 16:01 | Investigar | Feudal Age |
| 16:41 | Construir | House |
| 16:49 | Construir | House |
| 17:21 | Construir | Dock |
| 18:11 | Edad | Edad Feudal |
| 18:15 | Crear | Villager (Male) |
| 18:15 | Crear | Villager (Male) |
| 18:15 | Crear | Villager (Male) |
| 18:36 | Construir | Market |
| 18:48 | Construir | Blacksmith |
| 18:59 | Construir | Farm |
| 19:01 | Investigar | Horse Collar |
| 19:03 | Investigar | Double-Bit Axe |
| 19:06 | Crear | Villager (Male) |
| 19:52 | Construir | Stone Wall |
| 20:01 | Crear | Villager (Male) |
| 20:01 | Crear | Villager (Male) |
| 20:01 | Crear | Villager (Male) |
| 20:16 | Crear | Galley |
| 20:18 | Crear | Galley |
| 20:20 | Crear | Galley |
| 20:20 | Crear | Galley |
| 20:20 | Crear | Galley |
| 20:49 | Construir | Lumber Camp |
| 21:21 | Investigar | Castle Age |
| 21:36 | Construir | House |
| 21:37 | Construir | House |
| 21:38 | Construir | House |
| 22:26 | Construir | Farm |
| 22:37 | Construir | Farm |
| 23:15 | Construir | Farm |
| 23:40 | Construir | House |
| 23:42 | Investigar | Fletching |
| 23:44 | Investigar | Padded Archer Armor |
| 24:01 | Edad | Edad de los Castillos |
| 24:03 | Crear | Villager (Male) |
| 24:04 | Crear | Villager (Male) |
| 24:04 | Crear | Villager (Male) |
| 24:05 | Crear | Villager (Male) |
| 24:05 | Crear | Villager (Male) |
| 24:06 | Crear | Villager (Male) |
| 24:20 | Construir | Stable |
| 24:50 | Crear | Villager (Male) |
| 24:58 | Construir | Mining Camp |
| 25:36 | Construir | Stable |
| 25:39 | Investigar | Husbandry |
| 25:40 | Investigar | Bloodlines |
| 25:41 | Crear | Camel Scout |
| 25:41 | Crear | Camel Scout |
| 25:42 | Crear | Camel Scout |
| 25:42 | Crear | Camel Scout |
| 25:42 | Crear | Camel Scout |
| 25:42 | Crear | Camel Scout |
| 25:42 | Crear | Camel Scout |
| 26:37 | Investigar | Tech 906 |
| 26:51 | Construir | Town Center |
| 27:04 | Crear | Villager (Male) |
| 27:04 | Crear | Villager (Male) |
| 27:05 | Crear | Villager (Male) |
| 27:05 | Crear | Villager (Male) |
| 27:09 | Investigar | Bow Saw |
| 27:14 | Investigar | Stone Mining |
| 27:15 | Investigar | Gold Mining |
| 27:29 | Investigar | Scale Barding Armor |
| 27:30 | Investigar | Forging |
| 28:15 | Crear | Camel Scout ×2 |
| 28:15 | Crear | Camel Scout ×2 |
| 28:23 | Construir | Farm |
| 28:28 | Crear | Villager (Male) |
| 28:29 | Crear | Villager (Male) |
| 28:45 | Investigar | Gillnets |
| 28:47 | Investigar | War Galley (upgrade) |
| 28:51 | Crear | Galley |
| 28:51 | Crear | Galley |
| 28:52 | Crear | Galley |
| 28:53 | Crear | Galley |
| 29:33 | Construir | Farm |
| 29:35 | Investigar | Heavy Plow |
| 29:41 | Investigar | Town Watch |
| 29:42 | Investigar | Wheelbarrow |
Build order — Frederick II King of Jerusalem
Primeras 150 de 179 acciones detectadas
| 0:19 | Construir | Town Center |
| 1:53 | Crear | Villager (Male) |
| 1:53 | Crear | Villager (Male) |
| 1:53 | Crear | Villager (Male) |
| 1:54 | Crear | Villager (Male) |
| 2:02 | Construir | House |
| 3:18 | Crear | Villager (Male) |
| 3:18 | Crear | Villager (Male) |
| 3:38 | Construir | Lumber Camp |
| 3:53 | Crear | Villager (Male) |
| 3:54 | Crear | Villager (Male) |
| 4:33 | Crear | Villager (Male) |
| 4:34 | Crear | Villager (Male) |
| 4:45 | Construir | House |
| 4:51 | Crear | Villager (Male) |
| 4:51 | Crear | Villager (Male) |
| 5:08 | Investigar | Loom |
| 5:12 | Crear | Villager (Male) |
| 5:12 | Crear | Villager (Male) |
| 5:12 | Crear | Villager (Male) |
| 6:03 | Crear | Villager (Male) |
| 6:03 | Crear | Villager (Male) |
| 6:04 | Crear | Villager (Male) |
| 6:13 | Construir | House |
| 6:20 | Crear | Villager (Male) |
| 6:20 | Crear | Villager (Male) |
| 6:36 | Crear | Villager (Male) |
| 6:36 | Crear | Villager (Male) |
| 6:49 | Crear | Villager (Male) |
| 6:49 | Crear | Villager (Male) |
| 7:30 | Crear | Villager (Male) |
| 7:30 | Crear | Villager (Male) |
| 7:30 | Crear | Villager (Male) |
| 8:23 | Construir | House |
| 8:33 | Construir | Mill |
| 8:57 | Crear | Villager (Male) |
| 9:40 | Crear | Villager (Male) |
| 9:41 | Crear | Villager (Male) |
| 9:41 | Crear | Villager (Male) |
| 10:39 | Construir | Mill |
| 10:51 | Crear | Villager (Male) |
| 11:13 | Crear | Villager (Male) |
| 11:13 | Crear | Villager (Male) |
| 11:31 | Construir | House |
| 12:17 | Construir | Mining Camp |
| 12:38 | Investigar | Feudal Age |
| 13:35 | Crear | Villager (Male) |
| 13:41 | Construir | Barracks |
| 13:59 | Construir | House |
| 14:34 | Crear | Villager (Male) |
| 14:48 | Edad | Edad Feudal |
| 14:52 | Construir | Archery Range |
| 15:03 | Investigar | Double-Bit Axe |
| 15:11 | Investigar | Gold Mining |
| 15:33 | Crear | Archer |
| 15:33 | Crear | Archer |
| 15:33 | Crear | Archer |
| 15:42 | Construir | Archery Range |
| 15:54 | Crear | Villager (Male) |
| 15:54 | Crear | Villager (Male) |
| 15:54 | Crear | Villager (Male) |
| 15:55 | Crear | Villager (Male) |
| 16:25 | Crear | Archer |
| 16:25 | Crear | Archer |
| 16:26 | Crear | Archer |
| 16:26 | Crear | Archer |
| 16:41 | Construir | Lumber Camp |
| 16:58 | Crear | Villager (Male) |
| 17:09 | Crear | Villager (Male) |
| 17:13 | Construir | House |
| 17:50 | Construir | Watch Tower |
| 17:54 | Crear | Archer |
| 17:54 | Crear | Archer |
| 18:01 | Crear | Villager (Male) |
| 18:44 | Crear | Archer |
| 18:44 | Crear | Archer |
| 18:51 | Construir | Archery Range |
| 18:55 | Crear | Archer |
| 18:55 | Crear | Archer |
| 18:55 | Crear | Archer |
| 18:58 | Crear | Villager (Male) |
| 18:59 | Crear | Villager (Male) |
| 19:02 | Construir | House |
| 19:31 | Crear | Archer |
| 19:31 | Crear | Archer |
| 19:35 | Crear | Villager (Male) |
| 19:35 | Crear | Villager (Male) |
| 20:07 | Crear | Archer |
| 20:07 | Crear | Archer |
| 20:07 | Crear | Archer |
| 20:20 | Construir | Blacksmith |
| 20:31 | Construir | House |
| 20:44 | Crear | Archer |
| 20:44 | Crear | Archer |
| 20:54 | Investigar | Fletching |
| 21:40 | Crear | Villager (Male) |
| 21:40 | Crear | Villager (Male) |
| 21:40 | Crear | Villager (Male) |
| 21:47 | Construir | Farm |
| 21:49 | Construir | Farm |
| 21:53 | Construir | Farm |
| 21:56 | Construir | Farm |
| 21:58 | Construir | Farm |
| 22:12 | Crear | Archer |
| 22:12 | Crear | Archer |
| 22:12 | Crear | Archer |
| 22:13 | Crear | Archer |
| 22:31 | Construir | Lumber Camp |
| 22:51 | Construir | Farm |
| 23:26 | Crear | Villager (Male) |
| 23:26 | Crear | Villager (Male) |
| 23:49 | Crear | Archer |
| 23:49 | Crear | Archer |
| 23:49 | Crear | Archer |
| 23:52 | Crear | Villager (Male) |
| 23:52 | Crear | Villager (Male) |
| 23:52 | Crear | Villager (Male) |
| 23:55 | Crear | Archer |
| 23:56 | Crear | Archer |
| 23:56 | Crear | Archer |
| 23:56 | Crear | Archer |
| 24:01 | Construir | Farm |
| 24:01 | Construir | Farm |
| 24:01 | Construir | Farm |
| 24:01 | Construir | Farm |
| 24:02 | Construir | Farm |
| 24:02 | Construir | Farm |
| 24:02 | Construir | Farm |
| 24:23 | Crear | Archer |
| 24:23 | Crear | Archer |
| 24:24 | Crear | Archer |
| 24:29 | Crear | Villager (Male) |
| 24:29 | Crear | Villager (Male) |
| 24:30 | Crear | Villager (Male) |
| 25:00 | Construir | Farm |
| 25:07 | Construir | Mill |
| 25:08 | Construir | Farm |
| 25:08 | Construir | Farm |
| 25:08 | Construir | Farm |
| 25:08 | Construir | Farm |
| 25:09 | Construir | Farm |
| 25:09 | Construir | Farm |
| 25:09 | Construir | Farm |
| 25:12 | Crear | Villager (Male) |
| 25:12 | Crear | Villager (Male) |
| 25:12 | Crear | Villager (Male) |
| 25:13 | Crear | Villager (Male) |
| 25:19 | Construir | House |
| 25:22 | Construir | House |
| 25:24 | Construir | House |
Build order — Jikars
Primeras 150 de 256 acciones detectadas
| 0:16 | Construir | Town Center |
| 1:48 | Crear | Villager (Male) |
| 1:49 | Crear | Villager (Male) |
| 1:49 | Crear | Villager (Male) |
| 1:49 | Crear | Villager (Male) |
| 1:49 | Crear | Villager (Male) |
| 1:51 | Construir | House |
| 3:06 | Crear | Villager (Male) |
| 3:07 | Crear | Villager (Male) |
| 3:45 | Crear | Villager (Male) |
| 3:45 | Crear | Villager (Male) |
| 4:19 | Crear | Villager (Male) |
| 4:36 | Crear | Villager (Male) |
| 4:36 | Crear | Villager (Male) |
| 4:48 | Construir | House |
| 4:51 | Investigar | Loom |
| 4:51 | Investigar | Loom |
| 5:01 | Crear | Villager (Male) |
| 5:01 | Crear | Villager (Male) |
| 5:07 | Crear | Villager (Male) |
| 5:22 | Crear | Villager (Male) |
| 5:22 | Crear | Villager (Male) |
| 5:55 | Crear | Villager (Male) |
| 5:55 | Crear | Villager (Male) |
| 6:12 | Crear | Villager (Male) |
| 6:12 | Crear | Villager (Male) |
| 6:41 | Crear | Villager (Male) |
| 6:41 | Crear | Villager (Male) |
| 6:57 | Crear | Villager (Male) |
| 6:58 | Crear | Villager (Male) |
| 7:01 | Construir | House |
| 7:38 | Construir | Mill |
| 7:46 | Crear | Villager (Male) |
| 7:46 | Crear | Villager (Male) |
| 7:46 | Crear | Villager (Male) |
| 7:47 | Crear | Villager (Male) |
| 8:31 | Construir | Lumber Camp |
| 8:44 | Crear | Villager (Male) |
| 8:45 | Crear | Villager (Male) |
| 8:45 | Crear | Villager (Male) |
| 8:45 | Crear | Villager (Male) |
| 9:06 | Construir | House |
| 9:38 | Crear | Villager (Male) |
| 9:57 | Construir | Palisade Wall |
| 9:58 | Construir | Palisade Wall |
| 10:01 | Construir | Palisade Wall |
| 10:03 | Crear | Villager (Male) |
| 10:10 | Construir | Palisade Wall |
| 10:12 | Construir | Palisade Wall |
| 10:14 | Construir | Palisade Wall |
| 10:19 | Crear | Villager (Male) |
| 10:31 | Construir | Farm |
| 10:33 | Construir | Farm |
| 10:36 | Construir | Farm |
| 10:54 | Construir | Barracks |
| 11:02 | Investigar | Feudal Age |
| 11:17 | Construir | Mining Camp |
| 11:44 | Construir | House |
| 12:22 | Construir | House |
| 13:12 | Edad | Edad Feudal |
| 13:17 | Construir | Archery Range |
| 13:22 | Construir | Archery Range |
| 13:25 | Crear | Villager (Male) |
| 13:26 | Crear | Villager (Male) |
| 13:52 | Crear | Villager (Male) |
| 13:59 | Investigar | Double-Bit Axe |
| 13:59 | Investigar | Double-Bit Axe |
| 14:00 | Investigar | Horse Collar |
| 14:00 | Investigar | Horse Collar |
| 14:12 | Crear | Archer |
| 14:20 | Crear | Archer |
| 14:21 | Crear | Archer |
| 14:31 | Crear | Villager (Male) |
| 14:32 | Crear | Villager (Male) |
| 14:36 | Crear | Archer |
| 14:37 | Crear | Archer |
| 14:39 | Crear | Archer |
| 14:39 | Crear | Archer |
| 14:40 | Crear | Archer |
| 15:18 | Construir | Blacksmith |
| 15:22 | Crear | Villager (Male) |
| 15:22 | Crear | Villager (Male) |
| 15:38 | Crear | Archer |
| 15:38 | Crear | Archer |
| 15:39 | Crear | Archer |
| 15:39 | Crear | Archer |
| 15:39 | Crear | Archer |
| 15:39 | Crear | Archer |
| 15:40 | Crear | Archer |
| 15:45 | Crear | Archer |
| 15:45 | Crear | Archer |
| 15:45 | Crear | Archer |
| 15:58 | Crear | Archer |
| 15:58 | Crear | Archer |
| 16:02 | Crear | Villager (Male) |
| 16:03 | Crear | Villager (Male) |
| 16:03 | Crear | Villager (Male) |
| 16:19 | Investigar | Fletching |
| 16:20 | Investigar | Fletching |
| 16:21 | Crear | Villager (Male) |
| 16:21 | Crear | Villager (Male) |
| 16:22 | Crear | Villager (Male) |
| 16:24 | Construir | House |
| 16:34 | Crear | Villager (Male) |
| 16:34 | Crear | Villager (Male) |
| 16:37 | Construir | House |
| 16:41 | Crear | Villager (Male) |
| 16:41 | Crear | Villager (Male) |
| 16:45 | Investigar | Padded Archer Armor |
| 16:45 | Investigar | Padded Archer Armor |
| 16:45 | Investigar | Padded Archer Armor |
| 16:47 | Crear | Archer |
| 16:47 | Crear | Archer |
| 16:53 | Crear | Villager (Male) |
| 16:53 | Crear | Villager (Male) |
| 16:53 | Crear | Villager (Male) |
| 16:59 | Crear | Villager (Male) |
| 16:59 | Crear | Villager (Male) |
| 17:51 | Crear | Archer |
| 17:52 | Crear | Archer |
| 17:52 | Crear | Archer |
| 17:53 | Crear | Villager (Male) |
| 17:53 | Crear | Villager (Male) |
| 18:29 | Crear | Villager (Male) |
| 18:29 | Crear | Villager (Male) |
| 18:35 | Construir | Watch Tower |
| 18:39 | Construir | Farm |
| 18:50 | Crear | Archer |
| 18:50 | Crear | Archer |
| 18:50 | Crear | Archer |
| 18:50 | Crear | Archer |
| 18:54 | Construir | House |
| 19:05 | Construir | Archery Range |
| 19:10 | Construir | Farm |
| 19:10 | Construir | Farm |
| 19:11 | Construir | Farm |
| 19:12 | Crear | Villager (Male) |
| 19:18 | Crear | Villager (Male) |
| 19:18 | Crear | Villager (Male) |
| 19:32 | Construir | Mill |
| 19:33 | Crear | Villager (Male) |
| 19:33 | Crear | Villager (Male) |
| 19:36 | Construir | Farm |
| 19:44 | Crear | Archer |
| 19:44 | Crear | Archer |
| 19:44 | Crear | Archer |
| 20:00 | Construir | Farm |
| 20:03 | Construir | House |
| 20:16 | Crear | Archer |
| 20:17 | Crear | Archer |
Cronología de la partida
| 5:09 | Grimuka · first_building Dock |
| 8:13 | santiferno101 · first_building Barracks |
| 9:57 | Jikars · wall_segment Palisade Wall x1 |
| 9:58 | Jikars · wall_segment Palisade Wall x1 |
| 10:01 | Jikars · wall_segment Palisade Wall x1 |
| 10:10 | Jikars · wall_segment Palisade Wall x1 |
| 10:12 | Jikars · wall_segment Palisade Wall x1 |
| 10:14 | Jikars · wall_segment Palisade Wall x1 |
| 10:54 | Jikars · first_building Barracks |
| 12:47 | anamagg08 · first_building Dock |
| 13:12 | Jikars · age_up feudal |
| 13:17 | Jikars · first_building Archery Range |
| 13:41 | Frederick II King of Jerusalem · first_building Barracks |
| 14:33 | anamagg08 · first_building Barracks |
| 14:48 | Frederick II King of Jerusalem · age_up feudal |
| 14:52 | Frederick II King of Jerusalem · first_building Archery Range |
| 15:49 | Grimuka · first_building Barracks |
| 15:50 | anamagg08 · age_up feudal |
| 16:30 | anamagg08 · first_building Stable |
| 16:33 | santiferno101 · age_up feudal |
| 16:40 | santiferno101 · first_building Archery Range |
| 18:11 | Grimuka · age_up feudal |
| 19:52 | Grimuka · wall_segment Stone Wall x1 |
| 20:52 | Yorckscher · first_building Barracks |
| 21:14 | Yorckscher · age_up feudal |
| 21:55 | anamagg08 · age_up castle |
| 24:01 | Grimuka · age_up castle |
| 24:20 | Grimuka · first_building Stable |
| 25:54 | Yorckscher · age_up castle |
| 26:39 | Yorckscher · tribute_sent a jugador 1 |
| 26:39 | Yorckscher · tribute_sent a jugador 2 |
| 26:39 | Yorckscher · tribute_sent a jugador 4 |
| 26:39 | Yorckscher · tribute_sent a jugador 5 |
| 26:39 | Yorckscher · tribute_sent a jugador 6 |
| 27:06 | Yorckscher · first_building Monastery |
| 27:29 | Jikars · age_up castle |
| 28:07 | santiferno101 · resign |
[ ANÁLISIS IA · 1 CRÉDITO ]
¿Qué pasó realmente en esta partida?
Wolo.gg analiza cada decisión: build order, eco, micro, errores típicos por bracket. Análisis personalizado por WhatsApp o Discord en 30 segundos.
Guía civ
Aztecas
Guía mapa
Shipwreck
Perfil
Jugador #3060423